 Dungeon Crawl Stone Soup version 0.21-a0-70-g32e1473 (webtiles) character file.

139 wazuzu the Insei (level 5, -4/41 HPs)
             Began as a Demonspawn Monk on June 18, 2017.
             Splashed by a jelly's acid (11 damage)
             ... on level 3 of the Dungeon.
             The game lasted 00:08:26 (3226 turns).

wazuzu the Insei (Demonspawn Monk)                  Turns: 3226, Time: 00:08:28

Health: -4/41      AC: -10   Str: 12    XL:     5   Next: 1%
Magic:  0/5        EV: 13    Int: 14    God:
Gold:   113        SH:  0    Dex: 15    Spells: 4/4 levels left

rFire    + . .     SeeInvis .     - Unarmed
rCold    . . .     Gourm    .   (no shield)
rNeg     . . .     Faith    .   a - +0 robe
rPois    .         Spirit   +   (helmet restricted)
rElec    .         Reflect  .   (no cloak)
rCorr    .         Harm     .   (no gloves)
MR       .....                  (no boots)
Stlth    ++........             (no amulet)
HPRegen  0.13/turn              (no ring)
MPRegen  0.09/turn              (no ring)

@: corroded, drained
A: horns 1, clever 1, fire resistance 1, powered by death 1, magic shield
a: no special abilities


You were on level 3 of the Dungeon.
You were not hungry.

You visited 1 branch of the dungeon, and saw 3 of its levels.

You collected 113 gold pieces.

Inventory:

Armour
 a - a +0 robe (worn)
 h - a +2 helmet
Wands
 d - a wand of polymorph (6/24)
Scrolls
 c - 2 scrolls of identify
 e - a scroll of recharging {unknown}
 f - 3 scrolls of teleportation {unknown}
 i - a scroll of fear {unknown}
 k - a scroll of remove curse {unknown}
 m - a scroll of amnesia {unknown}
 r - 2 scrolls of immolation
Potions
 j - a potion of might
 o - a potion of brilliance {unknown}
 p - a potion of degeneration {unknown}
 q - a potion of agility {unknown}
Books
 l - a book of Cantrips

   Spells                             Type                      Level
   a - Confusing Touch                Hexes                        1
   b - Animate Skeleton               Necromancy                   1
   c - Summon Small Mammal            Summoning                    1
   d - Apportation                    Translocation                1
Comestibles
 b - 4 bread rations
 g - 2 meat rations
 n - 4 chunks of flesh


   Skills:
 - Level 3.0(2.5) Fighting
 - Level 2.6(2.2) Dodging
 - Level 1.7(1.3) Stealth
 + Level 5.2(4.7) Unarmed Combat


You had 4 spell levels left.
You didn't know any spells.

Dungeon Overview and Level Annotations

Branches:
Dungeon (3/15)

Altars:


Innate Abilities, Weirdness & Mutations

You have a pair of small horns on your head.
You regenerate a little health from kills.
When hurt, damage is shared between your health and your magic reserves.
Your mind is acute. (Int +2)
Your flesh is heat resistant. (rF+)


Message History

The acid burns!!!
You pummel the jelly like a punching bag!
The acid corrodes you!!!
Your hands burn!!!
The jelly is heavily wounded!
The jelly hits you!
You are splashed with acid!!!
The acid burns!!!
You pulverise the jelly but do no damage!
Your hands burn!!!
The jelly is heavily wounded!
The jelly misses you!
You pummel the jelly but do no damage!
Your hands burn!!! * * * don't die
* * * The jelly is heavily wounded!
The jelly barely misses you!
You squash the jelly like an ant!
Your hands burn!!! * * * don't die
* * * The jelly is severely wounded!
The jelly hits you! * * * don't die
* * * The acid corrodes you!!!
You are splashed with acid!!!
The acid burns!!! rip

#..........<# #.#.# ####.
##..#.####### #.##.#.#.# #....
#..#.# #.##.#.#.# #.### #..#.#
#.##.#J#.###.# ##..#.#
#.##.#.......# ....#.# ###
#.##.#.#.##### ###)#.####....
#.##.#.### #.#......#
#.###.##.#.# #.#†.....#
#..@J......#
###......#.###.###.#......>...
. ..............
........#..... . #####.######.
.........##.#### #
#..........#........# #
#.######.. #........#
#.#####... #........#
##.......# ####.....#
#..#####...


You could see a jelly.

Vanquished Creatures
  Robin (D:1)
  4 gnolls (D:2)
  An adder (D:3)
  3 worms (D:2)
  A leopard gecko (D:1)
  2 orcs
  4 giant cockroaches
  19 goblins
  7 hobgoblins
  2 jackals (D:1)
  5 bats
  A frilled lizard (D:1)
  9 kobolds
  7 rats
66 creatures vanquished.

Notes
Turn   | Place    | Note
-------+----------+-------------------------------------------
     0 | D:1      | wazuzu the Demonspawn Monk began the quest for the Orb.
     0 | D:1      | Reached XP level 1. HP: 18/18 MP: 1/1
    40 | D:1      | Reached skill level 3 in Unarmed Combat
   242 | D:1      | Gained mutation: When hurt, damage is shared between your health and your magic reserves. [demonic ancestry]
   242 | D:1      | Reached XP level 2. HP: 19/24 MP: 2/2
  1047 | D:1      | Reached XP level 3. HP: 29/29 MP: 3/3
  1332 | D:2      | Reached skill level 4 in Unarmed Combat
  1678 | D:2      | Noticed Robin
  1822 | D:1      | Killed Robin
  1822 | D:1      | Gained mutation: You regenerate a little health from kills. [demonic ancestry]
  1822 | D:1      | Reached XP level 4. HP: 8/35 MP: 0/4
  2367 | D:2      | Reached skill level 5 in Unarmed Combat
  2608 | D:2      | Gained mutation: Your mind is acute. (Int +2) [potion of mutation]
  2608 | D:2      | Gained mutation: You have a pair of small horns on your head. [potion of mutation]
  2608 | D:2      | Gained mutation: Your flesh is heat resistant. (rF+) [potion of mutation]
  2975 | D:3      | Noticed an ogre
  3097 | D:3      | Mutation became permanent: You have a pair of small horns on your head. [demonic ancestry]
  3097 | D:3      | Gained mutation: You have a pair of small horns on your head. [demonic ancestry]
  3097 | D:3      | Reached XP level 5. HP: 41/41 MP: 5/5
  3226 | D:3      | Splashed by a jelly's acid

Vault maps used:
D:1:      mainiacjoe_arrival_reflecting_pool, minmay_small_reverse_x
D:2:      first_bread, uniq_robin
D:3:      lemuel_round_altar, uniq_terence

Skill      XL: |  1  2  3  4 |
---------------+-------------+-----
Unarmed Combat | 3 4 5 |  5.2
Fighting       | |  3.0
Dodging        | |  2.6
Stealth        | |  1.7

Action                   |  1- 3 |  4- 6 || total
-------------------------+-------+-------++-------
Melee: Unarmed           |   149 |    96 ||   245
       Headbutt          |       |     2 ||     2
       Punch             |       |     2 ||     2
  Use: Potion            |     1 |     1 ||     2
       Scroll            |       |     3 ||     3
 Stab: Sleeping          |     5 |       ||     5
  Eat: Chunk             |     3 |     4 ||     7
Armor: Robe              |    17 |    11 ||    28
Dodge: Dodged            |    96 |    40 ||   136
